 Dungeon Crawl Stone Soup version 0.21.0-3-g78d12a8bdd (webtiles) character file.

1594659 GordonOverkill the Conqueror (level 27, 199/199 HPs)
             Began as a Tengu Berserker on Jan 15, 2018.
             Was a High Priest of Trog.
             Escaped with the Orb
             ... and 3 runes!
             The game lasted 02:35:41 (86090 turns).

GordonOverkill the Conqueror (Tengu Berserker)     Turns: 86090, Time: 02:35:42

Health: 199/199    AC: 50    Str: 27    XL:     27
Magic:  27/27      EV: 22    Int:  7    God:    Trog [*****.]
Gold:   3266       SH: 34    Dex: 16    Spells: 26/26 levels left

rFire    + + .     SeeInvis +   a - +9 broad axe (freeze)
rCold    + + .     Gourm    .   V - +10 large shield of Ignorance {rN+ Int-4}
rNeg     + + +     Faith    .   Y - +11 gold dragon scales
rPois    +         Spirit   .   Z - +2 hat {MR+}
rElec    .         Reflect  .   y - +2 cloak {MR+}
rCorr    .         Harm     .   u - +1 pair of gloves of Perpetual Drought {rC+ Str+4}
MR       +++++     Rnd*Rage +   (boots unavailable)
Stlth    ..........             k - amulet of regeneration
HPRegen  0.83/turn              g - ring "Siuxaerch" {*Corrode rN++ MR+ AC+3 SInv}
MPRegen  0.20/turn              J - ring "Elen" {Wiz Slay+3}

@: flying quickly and evasively, quick
A: beak, talons 3, berserk 1, clumsy 1, fire resistance 1, able to fly 2
0: Orb of Zot
}: 3/15 runes: serpentine, barnacled, silver
a: Stop Flying, Berserk, Trog's Hand, Brothers in Arms, Burn Spellbooks,
Renounce Religion


You escaped.
You worshipped Trog.
Trog was extremely pleased with you.
You were very full.

You visited 10 branches of the dungeon, and saw 50 of its levels.
You also visited: Ice Cave, Volcano and Wizlab.

You collected 8140 gold pieces.
You spent 4874 gold pieces at shops.

Inventory:

Hand Weapons
 a - a +9 broad axe of freezing (weapon)
 b - a +9 antimagic broad axe
 P - a +4 broad axe of chopping
Missiles
 v - 17 throwing nets (quivered)
Armour
 u - the +1 pair of gloves of Perpetual Drought (worn) {rC+ Str+4}
   (You bought it in a shop on level 5 of the Dungeon)

   It affects your strength (+4).
   It protects you from cold.
 y - a +2 cloak of magic resistance (worn)
 V - the +10 large shield of Ignorance (worn) {rN+ Int-4}
   (You took it off an ogre mage on level 2 of the Depths)

   It affects your intelligence (-4).
   It protects you from negative energy.
 Y - +11 gold dragon scales (worn)
 Z - a +2 hat of magic resistance (worn)
Jewellery
 g - the ring "Siuxaerch" (left hand) {*Corrode rN++ MR+ AC+3 SInv}
   (You found it in a wizard's laboratory)

   [ring of protection]

   It affects your AC (+3).
   It greatly protects you from negative energy.
   It affects your resistance to hostile enchantments.
   It lets you see invisible.
   It may corrode you when you take damage.
 j - an uncursed ring of see invisible
 k - an amulet of regeneration (around neck)
 J - the ring "Elen" (right hand) {Wiz Slay+3}
   (You bought it in a shop on level 1 of the Elven Halls)

   [ring of wizardry]

   It improves your spell success rate.
   It affects your accuracy and damage with ranged weapons and melee attacks
   (+3).
 S - an uncursed ring of positive energy
Wands
 l - a wand of scattershot (10)
 m - a wand of paralysis (59)
 x - a wand of disintegration (29)
 D - a wand of enslavement (42)
 G - a wand of acid (8)
 H - a wand of random effects (119)
 K - a wand of iceblast (33)
 L - a wand of flame (146)
 O - a wand of polymorph (70)
Scrolls
 d - 5 scrolls of fear
 e - 7 scrolls of identify
 i - 23 scrolls of remove curse
 r - 17 scrolls of teleportation
 s - 2 scrolls of summoning
 t - a scroll of holy word
 C - 5 scrolls of fog
 I - a scroll of silence
 N - a scroll of magic mapping
 R - 5 scrolls of blinking
Potions
 f - 11 potions of heal wounds
 h - 5 potions of ambrosia
 n - 3 potions of might
 o - a potion of resistance
 p - 15 potions of curing
 q - 12 potions of lignification
 w - 5 potions of invisibility
 z - 8 potions of berserk rage
 A - a potion of brilliance
 B - 2 potions of cancellation
 E - 13 potions of agility
 M - 5 potions of haste
 Q - 10 potions of mutation
Comestibles
 c - 36 rations


   Skills:
 O Level 27 Fighting
 - Level 19.0 Axes
 O Level 27 Armour
 + Level 21.9 Dodging
 - Level 20.0 Shields
 - Level 5.2 Evocations


You had 26 spell levels left.
You didn't know any spells.

Dungeon Overview and Level Annotations

Branches:
Dungeon (15/15)            Temple (0/1) D:7            Lair (6/6) D:11
 Shoals (4/4) Lair:3        Snake (4/4) Lair:2        Slime (0/5) Lair:5
    Orc (2/2) D:9             Elf (3/3) Orc:2        Vaults (5/5) D:13
  Crypt (0/3) Vaults:3     Depths (5/5) D:15           Hell (1/1)
    Zot (5/5) Depths:5
    Dis: Hell:1         Geh: Hell:1         Coc: Hell:1         Tar: Hell:1

Altars:
Cheibriados
Elyvilon
Fedhas
Gozag
Hepliaklqana
Kikubaaqudgha
Nemelex Xobeh
Qazlal
Xom
Zin
The Shining One
Beogh
Jiyva

Shops:
D:5 [   D:7 *   D:10 :(*((   D:14 !   Orc:1 *   Orc:2 *[:(   Elf:1 *
Elf:3 }=}   Shoals:4 ?

Portals:
Hell: Depths:1 Depths:2 Depths:3 Depths:4 Depths:5
Abyss: Depths:2 Depths:4
Pandemonium: Depths:3
Ziggurat: Depths:3

Annotations:
Lair:2 exclusion: 3 oklob plants
Hell Geryon


Innate Abilities, Weirdness & Mutations

You have a beak for a mouth.
You have claws for feet.
You can fly continuously.
You tend to lose your temper in combat.
You are clumsy. (Dex -2)
Your flesh is heat resistant. (rF+)


Message History

Your +10 gold dragon scales glow green for a moment.
(D) Dungeon (T) Temple (L) Lair (A) Shoals (P) Snake Pit (M) Slime Pits (O) Orcish Mines (E) Elven Halls (V) Vaults (C) Crypt (U) Depths (H) Hell (Z) Zot
Where to? (Enter - D:1 @ (x,y), ? - help)
You see here a whip.
There is a stone staircase leading up here.
You fly upwards.
There is a stone staircase leading down here.
There is a stone staircase leading down here.
There is a stone staircase leading up here.
You fly upwards.
There is a stone staircase leading down here.
You reach down and open the door.
There is an open door here.
A rust devil comes into view.
Seewag comes into view.
There is a staircase leading out of the dungeon here.
You have escaped!

##### ######.@.######
###.............###
###.................###
#.'........&........'.#
#.#..........4.)....#.#
#.###.............###.#
##.# ###.........###
#.# #..# ###.....###
#.# #####.##
###.....[...### #.#


You could see Seewag and a rust devil.

Vanquished Creatures
  5 orbs of fire (Zot:5)
  3 ancient liches (Zot:5)
  2 juggernauts
  Mara (Vaults:4)
  Frederick (Depths:4)
  2 curse toes
  Vashnia (Snake:3)
  6 Killer Klowns
  Saint Roka (Vaults:2)
  12 golden dragons
  Nikola (Snake:3)
  the Enchantress (Depths:1)
  A Hellbinder (WizLab)
  A bone dragon (Vaults:3)
  A Tzitzimitl (D:6)
  5 electric golems
  2 liches
  A large abomination (Vaults:5)
  15 tentacled monstrosities
  6 titans
  Rupert (D:13)
  28 Orb Guardians
  A deep elf blademaster (Elf:3)
  6 krakens
  6 quicksilver dragons
  2 deep elf master archers (Elf:3)
  4 death cobs
  9 sphinxes
  An acid blob (shapeshifter) (Depths:3)
  Gastronok (D:8)
  12 shadow dragons
  Kirke (Shoals:1)
  17 storm dragons
  6 tengu reavers
  Agnes (Elf:1)
  Frances (D:12)
  Donald (Vaults:3)
  5 draconian monks
  12 nagarajas
  Ilsuiw (Shoals:4)
  Roxanne (Shoals:2)
  7 deep elf sorcerers
  11 frost giants
  5 draconian knights
  9 fire giants
  A ghost moth (shapeshifter) (Elf:1)
  14 vault wardens
  2 balrugs
  10 draconian scorchers
  A cacodemon (WizLab)
  Louise (Depths:4)
  2 ghost moths (Zot:3)
  Aizul (Shoals:1)
  An orc warlord (Orc:2)
  4 deep elf elementalists
  8 draconian shifters
  19 ironheart preservers
  2 angels (Elf:2)
  4 spriggan defenders
  5 war gargoyles
  21 very ugly things
  6 draconian annihilators
  3 draconian stormcallers
  16 stone giants
  Nessos (Orc:2)
  18 green draconians
  4 spark wasps
  7 deep elf demonologists
  A black sun (WizLab)
  2 vampire knights (Depths:5)
  2 lorocyprocas (WizLab)
  20 black draconians
  10 white draconians
  14 purple draconians
  A small abomination (Vaults:5)
  10 red draconians
  12 yellow draconians
  8 deep elf annihilators
  5 merfolk javelineers (Shoals:4)
  3 green deaths (WizLab)
  2 blizzard demons
  9 ettins
  11 merfolk impalers
  5 deep elf high priests
  8 deep elf death magi
  12 fire dragons
  9 great orbs of eyes
  19 yaktaur captains
  Erolcha (D:9)
  14 ogre magi
  5 rakshasas
  A hell beast (WizLab)
  30 vault guards
  13 ice dragons
  15 hydras
  7 anacondas
  4 merfolk aquamancers
  5 spriggan air magi
  An ice dragon (shapeshifter) (Vaults:1)
  18 naga warriors
  44 two-headed ogres
  3 alligator snapping turtles (Shoals:4)
  11 centaur warriors
  5 death knights
  2 merfolk avatars
  9 deep troll shamans
  4 satyrs (Shoals:3)
  27 dancing weapons
  11 tengu warriors
  Urug (Lair:5)
  13 death yaks
  18 shock serpents
  6 orc high priests
  7 deep troll earth magi
  25 naga sharpshooters
  2 vampire magi
  8 spriggan berserkers
  2 sun demons
  21 deep elf knights
  A soul eater (Depths:1)
  20 hell knights
  2 salamander mystics (Snake:4)
  An iron troll (Depths:5)
  6 sixfirhies
  15 sea snakes
  6 skeletal warriors (Vaults:1)
  30 deep trolls
  2 flayed ghosts
  4 unseen horrors
  3 shadow demons
  8 naga ritualists
  17 deep elf archers
  A shadow dragon zombie (Depths:1)
  2 glowing orange brains
  A phantasmal warrior (D:15)
  A shambling mangrove (Lair:2)
  2 wizards
  12 ironbrand convokers
  19 orc knights
  Pikel (D:7)
  9 necromancers
  A wolf spider zombie (D:15)
  11 mana vipers
  A fire giant zombie (Vaults:5)
  A mana viper (shapeshifter) (Vaults:1)
  23 fauns
  13 salamanders
  6 cyclopes
  22 harpies
  7 orc sorcerers
  81 deep elf magi
  27 slime creatures
  35 ugly things
  17 moths of wrath
  5 wolf spiders
  19 manticores
  2 centaur zombies
  Joseph (D:7)
  44 black mambas
  5 merfolk sirens
  21 elephants
  2 ice statues (IceCv)
  3 rust devils
  9 water nymphs
  16 naga magi
  12 vault sentinels
  2 smoke demons
  2 torpor snails
  11 spiny frogs
  Psyche (D:12)
  A spriggan skeleton (Depths:1)
  8 guardian serpents
  A gargoyle (D:15)
  5 orange demons
  9 komodo dragons
  A yaktaur (shapeshifter) (Vaults:2)
  2 human zombies
  6 rime drakes
  A rime drake (shapeshifter) (Depths:5)
  4 tormentors
  6 freezing wraiths
  A komodo dragon (shapeshifter) (Vaults:2)
  40 yaktaurs
  2 ice devils
  2 tengu conjurers (Depths:1)
  3 hellwings
  4 human skeletons
  5 red devils
  24 merfolk
  5 wind drakes
  3 polar bears (Lair:6)
  12 hornets
  7 trolls
  A tengu simulacrum (Vaults:3)
  A queen bee (Lair:1)
  2 raiju (Zot:3)
  17 blink frogs
  A hippogriff (shapeshifter) (Depths:2)
  3 human simulacra
  11 dream sheep
  14 hippogriffs
  8 snapping turtles
  2 fire giant simulacra
  2 air elementals (Elf:2)
  A vampire (D:13)
  7 spriggans
  5 wyverns
  A tarantella (shapeshifter) (Vaults:1)
  5 wraiths
  4 shadows
  Grum (D:9)
  3 ynoxinuls
  2 fire elementals
  7 hogs (Shoals:1)
  8 water elementals
  24 yaks
  16 humans (D:13)
  3 basilisks
  2 hungry ghosts (D:15)
  3 chaos spawn
  A neqoxec (WizLab)
  Menkaure (D:6)
  59 nagas
  An acid dragon (D:14)
  9 wargs
  A soldier ant (D:12)
  6 hell hounds
  21 water moccasins
  A deep troll skeleton (Vaults:2)
  A floating eye (shapeshifter) (Vaults:5)
  5 porcupines
  A floating eye (Depths:4)
  A swamp drake (D:11)
  24 ice beasts
  A black bear (shapeshifter) (D:15)
  70 orc warriors
  5 sky beasts
  An eye of draining (D:15)
  3 slaves (D:7)
  2 hornet zombies
  31 ogres
  14 boggarts
  18 wolves
  22 centaurs
  2 eyes of draining (shapeshifter)
  A wolf (shapeshifter) (Vaults:5)
  14 crocodiles
  2 big kobolds
  A bullfrog (shapeshifter) (D:15)
  15 bullfrogs
  A glowing shapeshifter simulacrum (Depths:1)
  A hornet simulacrum (D:13)
  2 scorpions
  19 killer bees (Lair:1)
  10 wights
  5 electric eels
  3 howler monkeys
  7 crimson imps
  2 bullfrog zombies
  6 jellies
  4 hounds
  A quasit (D:14)
  37 orc priests
  5 centaur skeletons
  2 bullfrog skeletons
  2 iron imps
  4 iguanas
  41 orc wizards
  Natasha (D:2)
  5 lightning spires (Zot:3)
  13 worker ants
  A worker ant (shapeshifter) (Depths:1)
  A hound zombie (D:10)
  A howler monkey zombie (D:11)
  2 worker ant zombies
  7 gnolls
  A howler monkey skeleton (D:4)
  13 adders
  3 shadow imps
  An adder zombie (D:9)
  2 worms (D:2)
  A dart slug (D:2)
  4 leopard geckos
  123 orcs
  3 ball pythons
  8 giant cockroaches
  6 goblins
  9 hobgoblins
  7 jackals
  5 quokkas
  4 bats (D:1)
  8 frilled lizards
  A giant cockroach zombie (D:6)
  A jackal skeleton (D:7)
  17 kobolds
  7 rats
  A bush (Lair:2)
  4 fungi
  12 plants
  16 tentacles
2507 creatures vanquished.

Vanquished Creatures (collateral kills)
  2 tentacled monstrosities
  A tengu reaver (Depths:3)
  A balrug (WizLab)
  A cacodemon (WizLab)
  A deep elf elementalist (Vaults:5)
  A vampire knight (Depths:1)
  A blizzard demon (WizLab)
  Snorg (D:12)
  A fire dragon (Depths:2)
  A yaktaur captain (Vaults:1)
  A hell beast (WizLab)
  3 two-headed ogres
  A deep troll shaman (Depths:2)
  An ogre mage (Vaults:2)
  A deep troll earth mage (Depths:2)
  A naga sharpshooter (Snake:3)
  A sun demon (WizLab)
  A soul eater (WizLab)
  A moth of wrath (Zot:4)
  A rust devil (WizLab)
  A hellion (WizLab)
  A komodo dragon (D:11)
  A yaktaur (Depths:2)
  An ice devil (WizLab)
  3 red devils
  A hellwing (WizLab)
  A wyvern (D:11)
  2 neqoxecs (WizLab)
  2 ogres
  3 orc priests (D:9)
  4 orcs
43 creatures vanquished.

Vanquished Creatures (others)
  A tentacled monstrosity (Zot:2)
  A deep elf blademaster (Elf:3)
  A ghost moth (Zot:3)
  A fire giant (Depths:3)
  A draconian knight (Zot:4)
  A draconian scorcher (Zot:4)
  A draconian shifter (Zot:3)
  A black draconian (Zot:3)
  A two-headed ogre (Vaults:1)
  An ogre mage (Vaults:2)
  An unseen horror (Vaults:1)
  2 moths of wrath
  A deep elf mage (Elf:2)
  An ice devil (Zot:3)
  An orc wizard (Vaults:3)
  5 ball lightnings (Zot:3)
  An orc (Vaults:3)
  11 fungi
  13 plants
  16 tentacles
62 creatures vanquished.

Grand Total: 2612 creatures vanquished

Notes
Turn   | Place    | Note
-------+----------+-------------------------------------------
     0 | D:1      | GordonOverkill the Tengu Berserker began the quest for the Orb.
     0 | D:1      | Reached XP level 1. HP: 14/14 MP: 2/2
    99 | D:1      | Reached XP level 2. HP: 16/19 MP: 3/3
   650 | D:2      | Reached XP level 3. HP: 23/23 MP: 4/4
   747 | D:2      | Reached ** piety under Trog
   904 | D:2      | Reached XP level 4. HP: 28/28 MP: 5/5
  1340 | D:2      | Noticed Natasha
  1352 | D:2      | Killed Natasha
  1516 | D:2      | Noticed a centaur
  1522 | D:2      | Killed a centaur
  1522 | D:2      | Gained mutation: You can fly. [Tengu growth]
  1522 | D:2      | Reached XP level 5. HP: 29/33 MP: 6/6
  1774 | D:3      | Found a hazy altar of Hepliaklqana.
  1775 | D:3      | Found a shimmering altar of Xom.
  1775 | D:3      | Noticed a caustic shrike
  1776 | D:3      | Noticed a caustic shrike
  1776 | D:3      | Noticed a spectral ugly thing
  2207 | D:3      | Reached XP level 6. HP: 39/39 MP: 7/7
  2635 | D:4      | Reached skill level 5 in Axes
  2845 | D:4      | Reached skill level 5 in Fighting
  2845 | D:4      | Reached XP level 7. HP: 35/44 MP: 8/8
  2962 | D:4      | Reached *** piety under Trog
  3401 | D:4      | Reached skill level 5 in Armour
  3970 | D:5      | Entered Level 5 of the Dungeon
  4210 | D:5      | Found Eqaofy's Armour Shop.
  4224 | D:5      | Reached XP level 8. HP: 49/49 MP: 9/9
  5404 | D:6      | Found an ancient bone altar of Kikubaaqudgha.
  5476 | D:6      | Noticed Menkaure
  5484 | D:6      | Killed Menkaure
  5635 | D:6      | Reached skill level 10 in Axes
  5938 | D:6      | Reached XP level 9. HP: 54/54 MP: 10/10
  6637 | D:7      | Found a snail-covered altar of Cheibriados.
  6732 | D:7      | Found a blossoming altar of Fedhas.
  6743 | D:7      | Found Wathrucs's Assorted Antiques.
  6745 | D:7      | Found a staircase to the Ecumenical Temple.
  6751 | D:7      | Bought a fuming inky potion for 27 gold pieces
  6751 | D:7      | Bought a potion of heal wounds for 150 gold pieces
  6751 | D:7      | Bought a scroll of identify for 60 gold pieces
  6890 | D:7      | Noticed Joseph
  6911 | D:7      | Killed Joseph
  7046 | D:7      | Found a sparkling altar of Nemelex Xobeh.
  7463 | D:7      | Noticed Pikel
  7478 | D:7      | Killed Pikel
  7712 | D:8      | Noticed Gastronok
  7724 | D:8      | Killed Gastronok
  7724 | D:8      | Reached XP level 10. HP: 61/61 MP: 11/11
  8176 | D:8      | Found a glowing silver altar of Zin.
  8332 | D:8      | Reached **** piety under Trog
  8782 | D:8      | Found an opulent altar of Gozag.
  9527 | D:9      | Noticed a two-headed ogre
  9534 | D:9      | Killed a two-headed ogre
  9534 | D:9      | Reached skill level 15 in Axes
  9534 | D:9      | Reached XP level 11. HP: 66/66 MP: 12/12
  9626 | D:9      | Noticed Erolcha
  9641 | D:9      | Killed Erolcha
 10328 | D:9      | Found a staircase to the Orcish Mines.
 10388 | D:9      | Noticed Grum
 10408 | D:9      | Killed Grum
 10566 | D:10     | Entered Level 10 of the Dungeon
 10566 | D:10     | Found Erphuguo's Weapon Emporium.
 10606 | D:10     | Noticed a two-headed ogre
 10613 | D:10     | Killed a two-headed ogre
 10652 | D:10     | Found Qegabune's Weapon Emporium.
 10915 | D:5      | Bought the +1 pair of gloves of Perpetual Drought {rC+ Str+4} for 382 gold pieces
 11015 | D:10     | Noticed an unseen horror
 11029 | D:10     | Killed an unseen horror
 11032 | D:10     | Found Rothaiv's Assorted Antiques.
 11202 | D:10     | Found Ruveanta's Weapon Shoppe.
 11206 | D:10     | Noticed a two-headed ogre
 11215 | D:10     | Killed a two-headed ogre
 11215 | D:10     | Reached ***** piety under Trog
 11437 | D:10     | Found Sil Egga's Book Boutique.
 11607 | D:10     | Noticed a two-headed ogre
 11612 | D:10     | Killed a two-headed ogre
 11766 | D:11     | Reached XP level 12. HP: 57/75 MP: 13/13
 12188 | D:11     | Found a stormy altar of Qazlal.
 12573 | D:11     | Found a staircase to the Lair.
 12793 | D:12     | Noticed Snorg
 12803 | D:12     | Killed Snorg
 13287 | D:12     | Reached skill level 10 in Fighting
 13938 | D:12     | Noticed Psyche
 13944 | D:12     | Killed Psyche
 14546 | D:12     | Noticed Frances
 14562 | D:12     | Killed Frances
 15217 | Orc:1    | Entered Level 1 of the Orcish Mines
 15313 | Orc:1    | Found a roughly hewn altar of Beogh.
 15583 | D:10     | Bought a +4 broad axe of flaming for 408 gold pieces
 15690 | Lair:1   | Entered Level 1 of the Lair of Beasts
 16183 | Lair:1   | Reached XP level 13. HP: 82/82 MP: 14/14
 17315 | Lair:1   | Received a gift from Trog
 17549 | Lair:2   | Found a frozen archway.
 17575 | IceCv    | Entered an ice cave
 17927 | IceCv    | Noticed an ice dragon
 17928 | IceCv    | Noticed an ice dragon
 17940 | IceCv    | Killed an ice dragon
 18109 | IceCv    | Killed an ice dragon
 19071 | Lair:2   | Reached skill level 10 in Armour
 19947 | Lair:2   | Found a staircase to the Snake Pit.
 19959 | Lair:2   | Reached skill level 5 in Dodging
 20404 | D:5      | Bought a +1 shield of poison resistance for 162 gold pieces
 20800 | Lair:2   | Reached skill level 1 in Shields
 21181 | Lair:3   | Found a staircase to the Shoals.
 21695 | Lair:3   | Gained mutation: You can fly continuously. [Tengu growth]
 21695 | Lair:3   | Reached XP level 14. HP: 88/88 MP: 15/15
 21708 | Lair:3   | Reached skill level 5 in Shields
 21810 | Lair:3   | You fall through a shaft for 3 floors!
 21810 | Lair:6   | Entered Level 6 of the Lair of Beasts
 22023 | Lair:5   | Noticed Urug
 22033 | Lair:5   | Killed Urug
 22328 | Lair:4   | Found a dark tunnel.
 22393 | Volcano  | Entered a volcano
 24301 | Lair:5   | Found a staircase to the Slime Pits.
 24302 | Lair:5   | Found a viscous altar of Jiyva.
 24337 | Lair:5   | Received a gift from Trog
 24337 | Lair:5   | Reached skill level 10 in Shields
 25226 | Lair:6   | Reached XP level 15. HP: 92/92 MP: 16/16
 25522 | Lair:6   | Reached ****** piety under Trog
 25591 | Lair:6   | Received a gift from Trog
 26102 | D:10     | Bought a scroll of enchant weapon for 225 gold pieces
 26102 | D:10     | Bought a potion of heal wounds for 150 gold pieces
 26102 | D:10     | Bought a potion of might for 120 gold pieces
 26102 | D:10     | Bought a potion of resistance for 300 gold pieces
 26102 | D:10     | Bought a scroll of teleportation for 90 gold pieces
 27614 | D:13     | Found a gate to the Vaults.
 27614 | D:13     | Noticed Rupert
 27628 | D:13     | Killed Rupert
 28365 | D:14     | Reached skill level 15 in Shields
 28397 | D:14     | Reached skill level 1 in Evocations
 28623 | D:14     | Found Iveodghuti's Distillery.
 28639 | D:14     | Bought a potion of heal wounds for 60 gold pieces
 28639 | D:14     | Bought a potion of heal wounds for 60 gold pieces
 28639 | D:14     | Bought a potion of heal wounds for 60 gold pieces
 28639 | D:14     | Bought a potion of resistance for 120 gold pieces
 28765 | D:14     | Reached XP level 16. HP: 95/97 MP: 17/19
 28860 | D:15     | Entered Level 15 of the Dungeon
 28897 | D:15     | Reached skill level 5 in Evocations
 29148 | D:15     | Received a gift from Trog
 29634 | D:15     | Found a staircase to the Depths.
 30498 | Orc:1    | Found Ygenuotu's Assorted Antiques.
 30697 | Orc:2    | Entered Level 2 of the Orcish Mines
 30697 | Orc:2    | Noticed Nessos
 30708 | Orc:2    | Killed Nessos
 30849 | Orc:2    | Found a staircase to the Elven Halls.
 30961 | Orc:2    | Received a gift from Trog
 31342 | Orc:2    | Received a gift from Trog
 31811 | Orc:2    | Found a roughly hewn altar of Beogh.
 31960 | Orc:2    | Found Uchey's Antique Armour Boutique.
 31961 | Orc:2    | Found Vaulo's Antique Weapon Shop.
 31962 | Orc:2    | Found Reihur's General Store.
 31962 | Orc:2    | Found Zoczocle's Book Boutique.
 32283 | Snake:1  | Entered Level 1 of the Snake Pit
 33012 | Snake:1  | Reached XP level 17. HP: 87/111 MP: 14/21
 33566 | Snake:1  | Received a gift from Trog
 34211 | Snake:1  | Reached skill level 15 in Fighting
 34427 | Snake:1  | Found a snail-covered altar of Cheibriados.
 36341 | Snake:2  | Received a gift from Trog
 36603 | Snake:2  | You fall through a shaft!
 37404 | Snake:3  | Noticed Vashnia
 37426 | Snake:3  | Killed Vashnia
 37426 | Snake:3  | Reached skill level 10 in Dodging
 38273 | Snake:3  | Noticed Nikola
 38285 | Snake:3  | Killed Nikola
 38285 | Snake:3  | Reached XP level 18. HP: 93/120 MP: 11/22
 39072 | Snake:3  | Received a gift from Trog
 39417 | Snake:4  | Entered Level 4 of the Snake Pit
 40620 | Snake:4  | Received a gift from Trog
 42370 | Snake:4  | Got a serpentine rune of Zot
 42827 | Orc:2    | Bought a shimmering plate armour for 896 gold pieces
 42829 | Orc:2    | Identified the +1 plate armour "Jocafot" {SInv} (You bought it in a shop on level 2 of the Orcish Mines)
 43021 | D:14     | Bought a potion of might for 48 gold pieces
 43021 | D:14     | Bought a potion of mutation for 96 gold pieces
 43021 | D:14     | Bought a potion of cancellation for 96 gold pieces
 43021 | D:14     | Bought a potion of curing for 36 gold pieces
 43037 | Vaults:1 | Entered Level 1 of the Vaults
 43144 | Vaults:1 | Reached XP level 19. HP: 92/125 MP: 14/23
 43152 | Vaults:1 | Reached skill level 15 in Armour
 43410 | Vaults:1 | Received a gift from Trog
 44489 | Vaults:1 | Received a gift from Trog
 44804 | Vaults:1 | Received a gift from Trog
 45886 | Vaults:2 | Received a gift from Trog
 46095 | Vaults:2 | Noticed Saint Roka
 46115 | Vaults:2 | Killed Saint Roka
 46115 | Vaults:2 | Reached XP level 20. HP: 119/137 MP: 15/24
 47286 | Vaults:3 | Received a gift from Trog
 47871 | Vaults:3 | Noticed Donald
 47879 | Vaults:3 | Killed Donald
 48244 | Vaults:3 | Noticed a bone dragon
 48245 | Vaults:3 | Found a staircase to the Crypt.
 48261 | Vaults:3 | Killed a bone dragon
 50169 | Vaults:4 | Received a gift from Trog
 50623 | Vaults:4 | Reached XP level 21. HP: 142/146 MP: 23/25
 50765 | Vaults:4 | Received a gift from Trog
 51001 | Vaults:4 | Received a gift from Trog
 51763 | Vaults:4 | Noticed Mara
 51768 | Vaults:4 | Killed Mara
 52438 | Orc:2    | Bought 3 scrolls of magic mapping for 189 gold pieces
 52438 | Orc:2    | Bought a scroll of teleportation for 54 gold pieces
 52438 | Orc:2    | Bought a potion of agility for 72 gold pieces
 52494 | Orc:1    | Bought a scroll of teleportation for 96 gold pieces
 52494 | Orc:1    | Bought a potion of curing for 96 gold pieces
 52707 | Depths:1 | Entered Level 1 of the Depths
 52751 | Depths:1 | Found a magical portal.
 52789 | WizLab   | Entered The Hall of the Hellbinder
 53345 | WizLab   | Received a gift from Trog
 53673 | WizLab   | Noticed Pocetietux
 53693 | WizLab   | Killed Pocetietux the Hellbinder
 53719 | WizLab   | Gained mutation: Your flesh is heat resistant. (rF+) [a cacodemon]
 54154 | WizLab   | Got a steaming ivory ring
 54155 | WizLab   | Identified the ring "Poifui" {Str+2 Int+2} (You found it in a wizard's laboratory)
 54179 | WizLab   | Got a pitted platinum ring
 54180 | WizLab   | Identified the ring "Siuxaerch" {*Corrode rN++ MR+ AC+3 SInv} (You found it in a wizard's laboratory)
 54189 | WizLab   | Found a burning altar of Makhleb.
 55005 | Depths:1 | Found a gateway to Hell.
 55280 | Depths:1 | Noticed the Enchantress
 55296 | Depths:1 | Killed the Enchantress
 55312 | Depths:1 | Reached XP level 22. HP: 141/153 MP: 17/26
 55613 | Depths:1 | Got faerie dragon scales
 55631 | Depths:1 | Identified the +5 faerie dragon scales {Regen+ rCorr Int+2 Dex+3} (You took it off the Enchantress on level 1 of the Depths)
 56219 | Depths:2 | Received a gift from Trog
 56699 | Depths:2 | Noticed a juggernaut
 56710 | Depths:2 | Killed a juggernaut
 57917 | Depths:2 | Found a one-way gate to the infinite horrors of the Abyss.
 58965 | Depths:3 | Received a gift from Trog
 59110 | Depths:3 | Found a one-way gate leading to the halls of Pandemonium.
 59116 | Depths:3 | Reached XP level 23. HP: 151/162 MP: 24/27
 59965 | Depths:3 | Noticed a juggernaut
 59977 | Depths:3 | Killed a juggernaut
 60211 | Depths:3 | Found a gateway to a ziggurat.
 60567 | Depths:4 | Noticed Louise
 60579 | Depths:4 | Killed Louise
 61030 | Depths:4 | Received a gift from Trog
 61116 | Depths:4 | Noticed Frederick
 61131 | Depths:4 | Killed Frederick
 61696 | Depths:4 | Noticed a golden dragon
 61708 | Depths:4 | Killed a golden dragon
 62222 | Depths:4 | Got a wavering brass ring
 62223 | Depths:4 | Identified the ring of Zusefin {*Corrode rC+ AC+3 Str+6} (You found it on level 4 of the Depths)
 62485 | Depths:5 | Entered Level 5 of the Depths
 62770 | Depths:5 | Reached XP level 24. HP: 162/168 MP: 27/27
 62988 | Depths:5 | Received a gift from Trog
 63771 | Depths:5 | Found a gate to the Realm of Zot.
 64489 | Shoals:1 | Entered Level 1 of the Shoals
 64494 | Shoals:1 | Noticed Aizul
 64513 | Shoals:1 | Killed Aizul
 64590 | Shoals:1 | Received a gift from Trog
 64841 | Shoals:1 | Reached skill level 15 in Dodging
 65004 | Shoals:1 | Noticed Kirke
 65017 | Shoals:1 | Killed Kirke
 65897 | Shoals:2 | Received a gift from Trog
 66051 | Shoals:2 | Noticed Roxanne
 66070 | Shoals:2 | Killed Roxanne
 66671 | Shoals:3 | Identified a scroll of acquirement
 66921 | Shoals:3 | Received a gift from Trog
 67111 | Shoals:4 | Entered Level 4 of the Shoals
 67143 | Shoals:4 | Noticed Ilsuiw
 67164 | Shoals:4 | Killed Ilsuiw
 67171 | Shoals:4 | Reached XP level 25. HP: 144/176 MP: 27/27
 67432 | Shoals:4 | Found Hynint's Magic Scroll Emporium.
 67687 | Shoals:4 | Got a barnacled rune of Zot
 67705 | Shoals:4 | Bought a scroll of enchant armour for 120 gold pieces
 67705 | Shoals:4 | Bought a scroll of enchant weapon for 120 gold pieces
 67705 | Shoals:4 | Bought a scroll of blinking for 120 gold pieces
 67705 | Shoals:4 | Bought a scroll of magic mapping for 56 gold pieces
 67705 | Shoals:4 | Bought a scroll of silence for 120 gold pieces
 67707 | Shoals:4 | Bought a scroll of enchant weapon for 120 gold pieces
 67758 | Shoals:4 | Received a gift from Trog
 68726 | Elf:1    | Entered Level 1 of the Elven Halls
 69004 | Elf:1    | Found an ancient bone altar of Kikubaaqudgha.
 69217 | Elf:1    | Found Onni's Assorted Antiques.
 69225 | Elf:1    | Bought a vibrating jade ring for 165 gold pieces
 69225 | Elf:1    | Identified the ring "Elen" {Wiz Slay+3} (You bought it in a shop on level 1 of the Elven Halls)
 69231 | Elf:1    | Noticed Agnes
 69247 | Elf:1    | Killed Agnes
 69497 | Elf:2    | Received a gift from Trog
 69729 | Elf:2    | Found a huge runed gate.
 69729 | Elf:2    | Found a huge runed gate.
 69729 | Elf:2    | Found a huge runed gate.
 69731 | Elf:2    | Found a huge runed gate.
 69731 | Elf:2    | Found a huge runed gate.
 69894 | Elf:2    | Found a white marble altar of Elyvilon.
 69894 | Elf:2    | Found a glowing golden altar of the Shining One.
 69895 | Elf:2    | Found a ruined gateway.
 69896 | Elf:2    | Found a glowing silver altar of Zin.
 69995 | Elf:2    | Received a gift from Trog
 70657 | Elf:3    | Entered Level 3 of the Elven Halls
 70756 | Elf:3    | Received a gift from Trog
 70936 | Elf:3    | Found Goxicig's Gadget Boutique.
 70936 | Elf:3    | Found Emesh's Jewellery Emporium.
 70937 | Elf:3    | Found Xeanexat's Gadget Boutique.
 71735 | Elf:3    | Got a warped bone ring
 71786 | Elf:3    | Reached XP level 26. HP: 143/188 MP: 9/27
 72203 | Elf:3    | Got a transparent tin amulet
 72248 | Elf:3    | Identified the amulet "Lolugaost" {+Rage rPois rC- rN++} (You took it off a deep elf master archer on level 3 of the Elven Halls)
 72249 | Elf:3    | Identified the ring of Salvation {+Fly rPois MP+9 Int+3} (You took it off a deep elf death mage on level 3 of the Elven Halls)
 72314 | Elf:3    | Received a gift from Trog
 72820 | Vaults:5 | Entered Level 5 of the Vaults
 73311 | Vaults:5 | Received a gift from Trog
 73657 | Vaults:5 | Reached skill level 27 in Fighting
 73846 | Vaults:5 | Got an uncursed pitted broad axe {chaos}
 73847 | Vaults:5 | Identified the +7 broad axe "Jellyslayer" {chaos, rC+ Stlth+} (You took it off a yaktaur captain on level 5 of the Vaults)
 74065 | Vaults:5 | Received a gift from Trog
 74083 | Vaults:5 | Reached XP level 27. HP: 179/199 MP: 27/27
 74358 | Vaults:5 | Got a silver rune of Zot
 74620 | Vaults:5 | Got an ancient ruby amulet
 74815 | Vaults:5 | Found the +8 whip "Snakebite" {curare, rPois}
 75213 | Vaults:5 | Identified the Compendium of Flight and the Glacier
 75225 | Vaults:5 | Found the +3 hat of Pondering {ponderous, MR+ MP+10 Int+5}
 75432 | Vaults:5 | Identified the amulet of Tomorrow {Harm *Drain Str+3 Int-4 Dex+3} (You took it off a frost giant on level 5 of the Vaults)
 75521 | Vaults:5 | Found the +4 robe of Augmentation {Str+4 Int+4 Dex+4}
 75987 | Zot:1    | Entered Level 1 of the Realm of Zot
 76029 | Zot:1    | Received a gift from Trog
 77285 | Zot:2    | Received a gift from Trog
 81175 | Zot:4    | Received a gift from Trog
 82113 | Zot:4    | Reached skill level 27 in Armour
 82444 | Zot:5    | Entered Level 5 of the Realm of Zot
 82536 | Zot:5    | Noticed an ancient lich
 82549 | Zot:5    | Killed an ancient lich
 82644 | Zot:5    | Got a bloodstained broad axe
 82645 | Zot:5    | Identified the +7 broad axe "Reegoreu" {venom, *Noise *Drain rElec rF+++} (You found it on level 5 of the Realm of Zot)
 82708 | Zot:5    | Noticed an ancient lich
 82718 | Zot:5    | Killed an ancient lich
 83147 | Zot:5    | Noticed an orb of fire
 83155 | Zot:5    | Gained mutation: You tend to lose your temper in combat. [an orb of fire]
 83160 | Zot:5    | Killed an orb of fire
 83186 | Zot:5    | Received a gift from Trog
 83393 | Zot:5    | Noticed an ancient lich
 83408 | Zot:5    | Killed an ancient lich
 83554 | Zot:5    | Noticed an orb of fire
 83567 | Zot:5    | Killed an orb of fire
 83607 | Zot:5    | Noticed an orb of fire
 83627 | Zot:5    | Killed an orb of fire
 83810 | Zot:5    | Noticed an orb of fire
 83826 | Zot:5    | Killed an orb of fire
 83861 | Zot:5    | Noticed an orb of fire
 83874 | Zot:5    | Gained mutation: You are clumsy. (Dex -2) [an orb of fire]
 83877 | Zot:5    | Killed an orb of fire
 85367 | Zot:5    | Got the Orb of Zot
 85616 | Hell     | Entered the Vestibule of Hell
 85616 | Hell     | Noticed Geryon
 85950 | D:6      | Noticed Archixzue the pandemonium lord
 86087 | D:1      | Noticed Seewag the pandemonium lord
 86090 | D:$      | Escaped with the Orb!

Skill      XL: |  1  2  3  4  5  6  7  8  9 10 11 12 13 14 15 16 17 18 19 20 21 22 23 24 25 26 27 |
---------------+----------------------------------------------------------------------------------+-----
Armour         | 3 4 5 6 7 10 14 15 17 20 21 27 | 27.0
Dodging        | 3 7 11 12 15 21 | 21.9
Axes           | 4 5 6 10 13 15 16 18 19 | 19.0
Fighting       | 4 5 6 8 10 14 16 18 20 22 23 25 27 | 27.0
Shields        | 3 11 15 16 19 20 | 20.0
Evocations     | 3 5 |  5.2

Action                   |  1- 3 |  4- 6 |  7- 9 | 10-12 | 13-15 | 16-18 | 19-21 | 22-24 | 25-27 || total
-------------------------+-------+-------+-------+-------+-------+-------+-------+-------+-------++-------
Melee: Hand axe          |    75 |   144 |   242 |   477 |       |       |       |       |       ||   938
       Peck              |     7 |    26 |    47 |   110 |   146 |   260 |   315 |   434 |   710 ||  2055
       Kick              |     9 |    34 |    76 |   198 |   260 |   415 |   508 |   683 |  1070 ||  3253
       Morningstar       |       |       |       |     7 |       |       |       |       |       ||     7
       Broad axe         |       |       |       |    35 |   724 |  1092 |  1100 |  1378 |  2273 ||  6602
Throw: Throwing net      |       |       |       |       |       |       |       |       |     1 ||     1
Invok: Berserk           |     2 |     4 |     9 |    31 |    14 |    19 |    22 |    11 |    12 ||   124
       Trog's Hand       |       |     1 |       |     3 |     2 |     6 |     8 |     7 |    17 ||    44
       Burn Spellbooks   |       |       |       |     2 |     4 |     2 |     3 |     3 |    10 ||    24
       Brothers in Arms  |       |       |       |     5 |     2 |     2 |    12 |     4 |     4 ||    29
 Abil: Fly               |       |       |       |       |       |       |       |     2 |     1 ||     3
       Stop Flying       |       |       |       |       |       |       |       |     1 |     1 ||     2
Evoke: Wand              |       |     1 |     3 |     1 |    27 |     1 |       |     1 |       ||    34
  Use: Scroll            |     2 |     7 |     5 |    11 |    10 |    11 |    11 |    18 |    34 ||   109
       Potion            |       |       |       |     3 |       |     2 |     5 |     2 |    14 ||    26
 Stab: Paralysed         |       |     6 |     1 |     2 |       |     2 |       |       |       ||    11
       Distracted        |       |       |       |       |       |       |       |     1 |       ||     1
       Invisible         |       |       |       |       |       |       |       |       |     2 ||     2
  Eat: Chunk             |     2 |    10 |    19 |    67 |    46 |     9 |    18 |    34 |    15 ||   220
       Ration            |       |       |     1 |     3 |       |    19 |    15 |     4 |    24 ||    66
Armor: Plate armour      |    53 |   101 |   119 |   214 |   298 |   307 |   303 |    67 |       ||  1462
       Storm dragon scal |       |       |       |       |       |       |       |   138 |       ||   138
       Gold dragon scale |       |       |       |       |       |       |       |   154 |   533 ||   687
Dodge: Dodged            |    30 |    54 |    68 |   130 |   211 |   267 |   333 |   281 |   459 ||  1833
Block: Shield            |       |       |       |       |   241 |   706 |   623 |   105 |       ||  1675
       Large shield      |       |       |       |       |       |       |       |  1402 |  2201 ||  3603
